 Dungeon Crawl Stone Soup version 0.27-a0-488-g88baaf19db (webtiles) character file.

Game seed: 15119091929570726080

515 tilp the Insei (level 7, -2/48 HPs)
             Began as an Octopode Transmuter on Mar 1, 2021.
             Was a Follower of Okawaru.
             Slain by a gnoll
             ... wielding a +0 whip
              (10 damage)
             ... on level 5 of the Dungeon.
             The game lasted 00:07:09 (5506 turns).

tilp the Insei (Octopode Transmuter)                Turns: 5506, Time: 00:07:10

Health: -2/48      AC:  1    Str: 12    XL:     7   Next: 20%
Magic:  0/10       EV: 13    Int: 17    God:    Okawaru [*.....]
Gold:   228        SH:  0    Dex: 14    Spells: 4/10 levels left

rFire    . . .     SeeInvis .     - Unarmed
rCold    . . .     Faith    .   (no shield)
rNeg     . . .     Spirit   +   (helmet currently unavailable)
rPois    .         Reflect  .   l - amulet of guardian spirit
rElec    .         Harm     .   c - ring of flight
rCorr    .         Rampage  .   (no ring)
Will     .....                  (no ring)
Stlth    ++++......             (no ring)
HPRegen  0.16/turn              (no ring)
MPRegen  0.12/turn              (no ring)
                                (no ring)
                                (no ring)

@: appendages (expiring), wereblooded
A: almost no armour, stealthy swim, amphibious, 8 rings, constrict 8, tentacle
spike 3, camouflage 1, agile 1, strong 1, gelatinous body 1
a: End Transformation, Renounce Religion, Evoke Flight, Heroism


You were on level 5 of the Dungeon.
You worshipped Okawaru.
Okawaru was aware of your devotion.
One of your tentacles had a temporary spike.
You visited 2 branches of the dungeon, and saw 6 of its levels.

You collected 228 gold pieces.

Inventory:

Missiles
 a - 68 poisoned darts (quivered)
 d - 83 stones
 r - 6 curare-tipped darts
 s - 8 boomerangs
Jewellery
 c - a ring of flight (left tentacle)
 l - an amulet of guardian spirit (around mantle)
 p - a ring of fire
Wands
 k - a wand of paralysis (5)
Scrolls
 b - a scroll of amnesia {unknown}
 e - 2 scrolls of identify
 g - a scroll of enchant weapon {unknown}
 h - a scroll of fog {unknown}
 j - a scroll of blinking {unknown}
 n - a scroll of magic mapping {unknown}
 o - a scroll of enchant armour {unknown}
 q - a scroll of fear {unknown}
Potions
 f - a potion of heal wounds
 i - a potion of mutation
 m - a potion of cancellation


   Skills:
 - Level 4.0 Fighting
 - Level 2.0 Dodging
 - Level 4.0 Stealth
 - Level 6.0 Unarmed Combat
 - Level 2.0 Spellcasting
 - Level 2.0 Transmutations
 + Level 0.9 Invocations
 + Level 0.9 Evocations


You had 4 spell levels left.
You knew the following spells:

 Your Spells              Type           Power        Failure   Level
a - Beastly Appendage     Tmut           16%          9%          1
b - Wereblood             Tmut           8%           13%         2
c - Spider Form           Tmut/Pois      2%           36%         3

Your spell library contained the following spells:

 Spells                   Type           Power        Failure   Level
 Ice Form                 Ice/Tmut       5%           77%         4
 Blade Hands              Tmut           4%           93%         5


Dungeon Overview and Level Annotations

Branches:
Dungeon (5/15)             Temple (1/1) D:4

Altars:
Ashenzari
Cheibriados
Dithmenos
Elyvilon
Fedhas
Gozag
Kikubaaqudgha
Makhleb
Nemelex Xobeh
Okawaru
Qazlal
Ru
Sif Muna
Trog
Uskayaw
Vehumet
Wu Jian
Xom
Yredelemnul
Zin
The Shining One

Shops:
D:5 ?

Annotations:
D:3 exclusion: gnoll
D:4 exclusion: giant cockroach, Grinder, Purgy


Innate Abilities, Weirdness & Mutations

You cannot wear most types of armour.
You are very stealthy in the water. (Stealth+)
You are amphibious.
You can wear up to eight rings at the same time.
You can use your tentacles to constrict eight enemies at once.
Your skin changes colour to match your surroundings (Stealth+).
Your rubbery body absorbs attacks. (AC +1, EV +1)
One of your tentacles bears a large vicious spike.
You are agile. (Dex +2)
Your muscles are strong. (Str +2)


Message History

Your blood is infused with primal strength.
The wolf bites you!
A gnoll sergeant comes into view. It is wielding a +0 spear.
The wolf misses you.
You miss the wolf.
The gnoll sergeant shouts!
Your grab misses the wolf.
Your tentacle spike misses the wolf.
Your squeeze misses the wolf. The wolf bites you!
You miss the wolf. Your grab misses the wolf. The wolf closely misses you.
The wolf bites you.
You tentacle-slap the wolf but do no damage.
Your grab misses the wolf. The wolf bites you.
You closely miss the wolf. You grab the wolf.
You pierce the wolf.
The wolf is lightly wounded.
You constrict the wolf. The wolf closely misses you.
The gnoll closely misses you. The wolf bites you!
You tentacle-slap the wolf but do no damage.
You tentacle-slap the wolf, but do no damage.
The wolf is lightly wounded.
You constrict the wolf. The wolf barely misses you.
The gnoll hits you with a +0 whip.
* * * LOW HITPOINT WARNING * * *
Unknown command.
You tentacle-slap the wolf.
The wolf is heavily wounded.
You constrict the wolf. The wolf completely misses you.
The gnoll barely misses you. The gnoll sergeant closely misses you.
Unknown command.
You tentacle-slap the wolf. Your squeeze misses the wolf.
The wolf is severely wounded.
You constrict the wolf. The wolf barely misses you. The wolf bites you.
* * * LOW HITPOINT WARNING * * *
The gnoll closely misses you.
The gnoll sergeant hits you from afar with a +0 spear!
* * * LOW HITPOINT WARNING * * *
You tentacle-slap the wolf.
You kill the wolf!
Okawaru accepts your kill. The gnoll hits you with a +0 whip!
You die...

..####.#.. ...#.....
..(....#.. #......#
.........## #.....#
..........## .....#
...........# #....##
#.......∩.###.....##
##.........##.g....##
...##....#...#........
......#.##..#@#..#....
##..###.###...g........# #.
#.. #.###.............## #..
.. ..##..................##...
............#..####..#........
####........#..###..## .......
.. ##.......#...##.## #......
..## ####..#...####..# #...#
#...## ##>##......##.# #))#


You could see a gnoll sergeant and a gnoll.

Vanquished Creatures
  Duvessa (D:4)
  A wolf (D:5)
  A gnoll sergeant (D:5)
  Dowan (D:4)
  A howler monkey (D:4)
  A gnoll shaman (D:5)
  Ijyb (D:3)
  4 gnolls (D:5)
  9 adders
  An ooze (D:1)
  An adder skeleton (D:4)
  6 worms
  A dart slug (D:1)
  2 leopard geckos
  2 orcs (D:3)
  A ball python (D:1)
  4 bats
  3 giant cockroaches
  2 hobgoblins (D:3)
  4 jackals (D:2)
  9 kobolds
  A quokka (D:3)
  5 frilled lizards
  8 goblins
  6 rats
76 creatures vanquished.

Notes
Turn   | Place    | Note
-------+----------+-------------------------------------------
     0 | D:1      | tilp the Octopode Transmuter began the quest for the Orb.
     0 | D:1      | Reached XP level 1. HP: 13/13 MP: 3/3
   101 | D:1      | Reached skill level 1 in Stealth
   318 | D:1      | Reached XP level 2. HP: 18/18 MP: 5/5
   321 | D:1      | Learned a level 2 spell: Wereblood
   664 | D:1      | Reached XP level 3. HP: 19/23 MP: 6/6
   668 | D:1      | Learned a level 3 spell: Spider Form
  1900 | D:2      | Gained mutation: You are agile. (Dex +2) [potion of
                  | mutation]
  1900 | D:2      | Gained mutation: Your muscles are strong. (Str +2) [potion
                  | of mutation]
  1913 | D:2      | Reached XP level 4. HP: 24/29 MP: 7/7
  2761 | D:3      | Reached XP level 5. HP: 26/35 MP: 4/8
  2927 | D:3      | Noticed Ijyb
  2941 | D:3      | Killed Ijyb
  2942 | D:3      | Reached skill level 4 in Unarmed Combat
  3396 | D:4      | Noticed Grinder
  3715 | D:4      | Found a staircase to the Ecumenical Temple.
  3725 | D:4      | Found a stormy altar of Qazlal.
  3746 | D:4      | Noticed Duvessa
  3747 | D:4      | Noticed Dowan
  3753 | Temple   | Entered the Ecumenical Temple
  4124 | Temple   | Became a worshipper of Warmaster Okawaru
  4473 | D:4      | Noticed Purgy
  4527 | D:4      | Killed Duvessa
  4527 | D:4      | Reached * piety under Okawaru
  4528 | D:4      | Reached XP level 6. HP: 38/43 MP: 0/9
  4531 | D:4      | Killed Dowan
  4532 | D:4      | Reached skill level 5 in Unarmed Combat
  5178 | D:5      | Entered Level 5 of the Dungeon
  5245 | D:5      | Reached skill level 6 in Unarmed Combat
  5245 | D:5      | Reached XP level 7. HP: 24/48 MP: 5/10
  5481 | D:5      | Found Atumeenu's Magic Scroll Shoppe.
  5506 | D:5      | Slain by a gnoll

Illustrated notes

Levels and vault maps discovered:
D:1:      minmay_arrival_wavy_path, layout_loops_ring, serial_park_tiny_2
D:2:      minmay_chambers_of_twos, layout_loops_cross, kennysheep_generic_room_7
D:3:      layout_rooms, kennysheep_generic_room_11, uniq_ijyb
D:4:      layout_basic, minmay_temple_entry_mist, grunt_qazlal_clouds,
          uniq_grinder, uniq_duvessa, uniq_purgy
D:5:      layout_cave_pools, serial_shops, shop_scrolls, shop,
          serial_gnoll_camp, gnoll_camp_huts_basic, gnoll_camp_mini_loothouse,
          gnoll_camp_mini_hut, gnoll_camp_mini_hut, gnoll_camp_mini_hut,
          gnoll_camp_medium_01, elyvilon_altar_4
Temple:   roderic_octagonal_lattice_temple

Skill      XL: |  1  2  3  4  5  6 |
---------------+-------------------+-----
Stealth        | 2 3 4 |  4.0
Fighting       | 2 3 4 |  4.0
Unarmed Combat | 4 6 |  6.0
Dodging        | |  2.0
Spellcasting   | |  2.0
Transmutations | |  2.0
Invocations    | |  0.9
Evocations     | |  0.9

Action                   |  1- 3 |  4- 6 |  7- 9 || total
-------------------------+-------+-------+-------++-------
Melee: Unarmed           |    58 |   117 |    16 ||   191
       Tentacles         |    11 |    31 |     2 ||    44
       Constrict         |    18 |    36 |     4 ||    58
       Kick              |    10 |    20 |     1 ||    31
       Punch             |       |     1 |     1 ||     2
Throw: Dart              |       |     8 |       ||     8
 Cast: Beastly Appendage |     7 |    14 |     2 ||    23
       Wereblood         |     2 |     2 |     2 ||     6
  Use: Potion            |     4 |     1 |       ||     5
       Scroll            |       |     3 |       ||     3
 Stab: Sleeping          |    15 |     2 |       ||    17
Armor: Skin              |     6 |     4 |       ||    10
Dodge: Dodged            |    44 |    66 |    14 ||   124

Table legend: (Time is in decaauts)
 A = Elapsed time spent in this place.
 B = Non-inter-level travel time spent in this place.
 C = Inter-level travel time spent in this place.
 D = Time resting spent in this place.
 E = Time spent auto-exploring this place.
 F = Levels seen in this place.
 G = Mean time per level.
                   A        B        C        D        E       F      G
               +--------+--------+--------+--------+--------+-----+--------+
         Total |   5493 |   5269 |    224 |   1308 |   3232 |   6 |  915.5 |
       Dungeon |   5095 |   4943 |    152 |   1308 |   2909 |   5 | 1019.0 |
        Temple |    398 |    326 |     72 |      0 |    323 |   1 |  398.0 |
               +--------+--------+--------+--------+--------+-----+--------+

Top non-repeatable levels by time:
     D:2: 1436 daAuts
     D:4: 1406 daAuts
     D:1: 1199 daAuts
     D:3: 728 daAuts
  Temple: 398 daAuts
     D:5: 324 daAuts
